 Dungeon Sprint DCSS version 0.21.2 (webtiles) character file.

11991 Fang the Severer (level 11, -10/80 HPs)
             Began as a Gargoyle Berserker on Jan 18, 2019.
             Was the Champion of Trog.
             Mangled by Sonja
             ... wielding a +2 dagger of distortion
              (16 damage)
             ... in the Dungeon (Sprint VII: "The Pits").
             The game lasted 00:04:37 (2093 turns).

Fang the Severer (Gargoyle Berserker)               Turns: 2093, Time: 00:04:37

Health: -10/80     AC: 25    Str: 25    XL:     11   Next: 86%
Magic:  6/11       EV: 14    Int:  7    God:    Trog [******]
Gold:   0          SH:  0    Dex: 12    Spells: 10/10 levels left

rFire    . . .     SeeInvis .   p - +3 executioner's axe (freeze)
rCold    . . .     Gourm    .   (shield currently unavailable)
rNeg     + . .     Faith    .   j - +4 chain mail
rPois    ∞         Spirit   .   b - +0 helmet
rElec    +         Reflect  .   (no cloak)
rCorr    .         Harm     .   (no gloves)
MR       .....     NoTele   +   (no boots)
Stlth    ..........             (no amulet)
HPRegen  0.23/turn              o - +3 ring of dexterity
MPRegen  0.12/turn              r - +3 ring of evasion

@: vulnerable
A: negative energy resistance 1, electricity resistance, unbreathing,
petrification resistance, rot immunity, AC +8
a: Berserk, Trog's Hand, Brothers in Arms, Burn Spellbooks, Renounce Religion


You were in the Dungeon.
You worshipped Trog.
Trog was exalted by your worship.
You were not hungry.

You visited 1 branch

Inventory:

Hand Weapons
 m - a +3 antimagic battleaxe
 n - a +3 antimagic battleaxe
 p - a +3 executioner's axe of freezing (weapon)
 t - a +1 broad axe of chopping
 u - a +7 battleaxe of freezing
 v - a +2 battleaxe of flaming
Armour
 b - a +0 helmet (worn)
 j - a +4 chain mail (worn)
Jewellery
 o - a +3 ring of dexterity (left hand)
 r - a +3 ring of evasion (right hand)
Scrolls
 i - a scroll of blinking
 k - 3 scrolls of remove curse
 l - a scroll of summoning
Potions
 a - 2 potions of invisibility
 d - 6 potions of curing
 e - 6 potions of heal wounds
 f - a potion of haste
 g - 4 potions of magic
 h - 3 potions of berserk rage
 q - 5 potions of brilliance
 s - 3 potions of resistance
Comestibles
 c - 9 rations


   Skills:
 + Level 14.6 Fighting
 + Level 19.2 Axes
 + Level 12.0 Armour
 + Level 6.0 Dodging
 + Level 3.6 Stealth


You had 10 spell levels left.
You didn't know any spells.

Dungeon Overview and Level Annotations

Branches:
Dungeon (1/1)

Altars:

Annotations:
D Sonja


Innate Abilities, Weirdness & Mutations

You are resistant to torment.
Your stone body is resilient. (AC +8)
You are immune to poison.
You resist negative energy. (rN+)
You are resistant to electric shocks. (rElec)
You can survive without breathing.
You are immune to petrification.
You are immune to rotting.


Message History

Your stone giant completely misses Sonja.
Sonja completely misses you. Sonja hits you but does no damage.
Space warps horribly around you!
* * * LOW HITPOINT WARNING * * *
Sonja hits you but does no damage.
You feel a strange sense of stasis.
Your stone giant barely misses Sonja.
You miss Sonja. Sonja hits you but does no damage. Sonja barely misses you.
Sonja hits you but does no damage. Space bends around you.
* * * LOW HITPOINT WARNING * * *
Your stone giant barely misses Sonja.
The cyclops throws a large rock.
The large rock closely misses your deep troll.
The large rock misses you. The large rock hits your stone giant!
Your deep troll completely misses the cyclops.
Your deep troll barely misses the cyclops.
Your deep troll claws the cyclops!!
Sonja hits you but does no damage. Space warps horribly around you!
* * * LOW HITPOINT WARNING * * *
Sonja misses you. Sonja hits you but does no damage.
Space warps horribly around you!
You die...

..+....###... #....##
..###...#...# ......#
..+.##.....####....####
[##..##...##..##).##..##
..##..+...#.....(......#
...#..#...#....#..#.TC.##
...'[.)...'(...%((.......
...#.[#...#...)#..#....##
..##.))...#....C@......#
)##..##)..##..##K.##..##
).+.##.....####....# ##
..###...#...##(.....#
..+....###...##....##
####### ##########


You could see a cyclops, Sonja, a friendly stone giant (berserk) and a friendly
deep troll (berserk).

Vanquished Creatures
  A nagaraja (D)
  A hydra (D)
  An alligator (D)
  2 two-headed ogres (D)
  A death yak (D)
  A shadow wraith (D)
  An orc knight (D)
  A rime drake (D)
  A demonic crawler (D)
  A guardian mummy (D)
  A flying skull (D)
  A redback (D)
  A tarantella (D)
  6 yaks (D)
  A wraith (D)
  A fire bat (D)
  4 vampire mosquitoes (D)
  A hungry ghost (D)
  2 steam dragons (D)
  A warg (D)
  2 soldier ants (D)
  A floating eye (D)
  A sky beast (D)
  2 ogres (D)
  A bullfrog (D)
  A scorpion (D)
  A crimson imp (D)
  An orc priest (D)
  An orc wizard (D)
  Crazy Yiuf (D)
  2 worker ants (D)
  An adder (D)
  A white imp (D)
  An ufetubus (D)
  2 oozes (D)
  2 orcs (D)
  A bat (D)
  A bat skeleton (D)
  2 bat zombies (D)
55 creatures vanquished.

Vanquished Creatures (collateral kills)
  A death cob (D)
  Harold (D)
  A two-headed ogre (D)
  A phantasmal warrior (D)
  A kobold demonologist (D)
  A rime drake (D)
  A red devil (D)
  A jumping spider (D)
  A bog body (D)
  2 yaks (D)
  2 orc warriors (D)
  An ufetubus (D)
  A leopard gecko (D)
  An orc (D)
16 creatures vanquished.

Grand Total: 71 creatures vanquished

Notes
Turn   | Place    | Note
-------+----------+-------------------------------------------
     0 | D        | Fang the Gargoyle Berserker began the quest for the Orb.
     0 | D        | Reached XP level 1. HP: 14/14 MP: 1/1
    17 | D        | Noticed a worker ant
    26 | D        | Killed a worker ant
    26 | D        | Reached skill level 5 in Fighting
    26 | D        | Reached skill level 4 in Axes
    26 | D        | Reached XP level 2. HP: 9/21 MP: 2/2
   235 | D        | Reached XP level 3. HP: 26/26 MP: 3/3
   237 | D        | Reached ** piety under Trog
   242 | D        | Noticed a floating eye
   246 | D        | Killed a floating eye
   246 | D        | Reached skill level 6 in Axes
   246 | D        | Reached XP level 4. HP: 30/34 MP: 4/4
   246 | D        | Reached XP level 5. HP: 34/38 MP: 5/5
   257 | D        | Reached *** piety under Trog
   368 | D        | Noticed an ogre
   369 | D        | Noticed an ogre
   371 | D        | Noticed a sky beast
   375 | D        | Killed an ogre
   375 | D        | Reached skill level 8 in Axes
   375 | D        | Reached XP level 6. HP: 45/45 MP: 6/6
   378 | D        | Reached **** piety under Trog
   378 | D        | Reached skill level 9 in Axes
   378 | D        | Reached skill level 1 in Stealth
   384 | D        | Killed a sky beast
   384 | D        | Reached skill level 10 in Axes
   384 | D        | Reached XP level 7. HP: 51/51 MP: 7/7
   464 | D        | Reached ***** piety under Trog
   470 | D        | Noticed a guardian mummy
   486 | D        | Killed a guardian mummy
   486 | D        | Reached skill level 10 in Fighting
   486 | D        | Reached skill level 11 in Axes
   486 | D        | Reached skill level 5 in Armour
   652 | D        | Reached XP level 8. HP: 26/58 MP: 8/8
   653 | D        | Received a gift from Trog
   830 | D        | Noticed a flying skull
   833 | D        | Reached skill level 12 in Axes
   836 | D        | Reached skill level 13 in Axes
   840 | D        | Killed a flying skull
   843 | D        | Killed a shadow wraith
   843 | D        | Reached skill level 14 in Axes
   843 | D        | Reached XP level 9. HP: 46/64 MP: 9/9
  1131 | D        | Noticed a death yak
  1139 | D        | Killed a death yak
  1139 | D        | Reached skill level 15 in Axes
  1139 | D        | Reached skill level 5 in Dodging
  1140 | D        | Received a gift from Trog
  1202 | D        | Reached ****** piety under Trog
  1301 | D        | Noticed a rime drake
  1306 | D        | Killed a rime drake
  1306 | D        | Reached XP level 10. HP: 64/71 MP: 10/10
  1562 | D        | Noticed Crazy Yiuf
  1565 | D        | Killed Crazy Yiuf
  1565 | D        | Received a gift from Trog
  1570 | D        | Reached skill level 16 in Axes
  1632 | D        | Noticed a two-headed ogre
  1638 | D        | Killed a two-headed ogre
  1640 | D        | Received a gift from Trog
  1692 | D        | Noticed an alligator
  1692 | D        | Noticed a two-headed ogre
  1693 | D        | Noticed an orc knight
  1694 | D        | Noticed a nagaraja
  1695 | D        | Noticed a two-headed ogre
  1697 | D        | Killed a two-headed ogre
  1697 | D        | Reached skill level 17 in Axes
  1697 | D        | Reached skill level 10 in Armour
  1698 | D        | Killed a two-headed ogre
  1699 | D        | Reached XP level 11. HP: 66/78 MP: 11/11
  1704 | D        | Killed an orc knight
  1705 | D        | Received a gift from Trog
  1707 | D        | Killed an alligator
  1707 | D        | Reached skill level 18 in Axes
  1708 | D        | Killed a nagaraja
  1837 | D        | Noticed an eight-headed hydra
  1850 | D        | Killed a two-headed hydra
  1853 | D        | Received a gift from Trog
  2066 | D        | Noticed a phantasmal warrior
  2071 | D        | Noticed a death cob
  2074 | D        | Killed a phantasmal warrior
  2078 | D        | Killed a death cob
  2078 | D        | Reached skill level 19 in Axes
  2080 | D        | Noticed Harold
  2087 | D        | Noticed a cyclops
  2088 | D        | Killed Harold
  2088 | D        | Received a gift from Trog
  2089 | D        | Noticed Sonja
  2093 | D        | Mangled by Sonja

Skill      XL: |  1  2  3  4  5  6  7  8  9 10 11 |
---------------+----------------------------------+-----
Fighting       | 5 7 8 9 10 11 12 13 14 | 14.6
Axes           | 4 6 8 10 11 14 15 17 19 | 19.2
Dodging        | 2 3 4 5 6 |  6.0
Armour         | 3 4 5 6 8 10 12 | 12.0
Stealth        | 1 2 3 |  3.6

Action                   |  1- 3 |  4- 6 |  7- 9 | 10-12 || total
-------------------------+-------+-------+-------+-------++-------
Melee: Hand axe          |    13 |    27 |    43 |       ||    83
       Executioner's axe |       |       |    30 |    41 ||    71
       Battleaxe         |       |       |       |    13 ||    13
Invok: Berserk           |     1 |     1 |     2 |     1 ||     5
       Brothers in Arms  |       |       |       |     4 ||     4
  Use: Potion            |       |       |       |     2 ||     2
 Stab: Sleeping          |     1 |       |       |       ||     1
       Distracted        |       |       |       |     1 ||     1
  Eat: Chunk             |       |       |     4 |     6 ||    10
Armor: Animal skin       |     1 |     6 |       |       ||     7
       Chain mail        |       |    10 |    44 |    71 ||   125
Dodge: Dodged            |     7 |    16 |    38 |    88 ||   149
